 Dungeon Crawl Stone Soup version 0.24-a0-584-g9d6b971ae4 (webtiles) character file.

Game seed: 2656134705086873361, levelgen mode: deterministic

5 Gargoyl the Skirmisher (level 1, -6/19 HPs)
             Began as a Centaur Abyssal Knight on Sept 3, 2019.
             Was a Follower of Lugonu.
             Mangled by a thrashing horror (8 damage)
             ... on level 4 of the Abyss.
             The game lasted 00:00:59 (156 turns).

Gargoyl the Skirmisher (Centaur Abyssal Knight)      Turns: 156, Time: 00:00:59

Health: -6/19      AC:  7    Str: 14    XL:     1   Next: 66%
Magic:  2/2        EV:  4    Int: 11    God:    Lugonu [*.....]
Gold:   32         SH:  0    Dex:  8    Spells: 0/0 levels left

rFire    . . .     SeeInvis .   a - +1 hand axe
rCold    . . .     Gourm    .   (no shield)
rNeg     . . .     Faith    .   d - +0 chain mail
rPois    .         Spirit   .   (no helmet)
rElec    .         Reflect  .   (no cloak)
rCorr    .         Harm     .   (no gloves)
MR       .....                  (no barding)
Stlth    ..........             (no amulet)
HPRegen  0.06/turn              (no ring)
MPRegen  0.08/turn              (no ring)

@: very slightly contaminated, very quick
A: large, hooves 3, [blurry vision 2], deformed body, [deterioration 2], speed
2, [low mp 2], tough skin 3
a: Depart the Abyss, Renounce Religion


You were on level 4 of the Abyss.
You worshipped Lugonu.
Lugonu was aware of your devotion.
You were not hungry.

You visited 0 branches of the dungeon, and saw 0 of its levels.
You visited the Abyss 1 time.

You collected 32 gold pieces.

Inventory:

Hand Weapons
 a - a +1 hand axe (weapon)
Armour
 b - a +0 leather armour
 d - a +0 chain mail (worn)
Comestibles
 c - 3 rations


   Skills:
 + Level 3.2 Fighting
 + Level 1.8 Axes
 + Level 1.4 Armour
 + Level 0.6 Dodging
 + Level 2.0 Invocations


You couldn't memorise any spells.
You didn't know any spells.
Your spell library was empty.

Dungeon Overview and Level Annotations

Branches:
Dungeon (0/15)

Altars:


Innate Abilities, Weirdness & Mutations

You have hooves in place of feet.
Armour fits poorly on your strangely shaped body.
You cover ground very quickly.
You have extremely tough skin. (AC +3)
[Scrolls take you longer to read.]
[Your body often deteriorates upon taking damage.]
[Your magical capacity is very low. (-20% MP)]


Message History

As you read the scroll labeled WAVATSEITH, it crumbles to dust.
It was a scroll of blinking.
A rakshasa comes into view. It is wielding a +0 long sword.
A worldbinder comes into view.
The worldbinder calls forth creatures from the Crypt! 2 thrashing horrors come into view.
The thrashing horror roars!
The shadow slips into darkness.
The shadow flickers and vanishes!
Deactivating autopickup; reactivate with Ctrl-A.
The worldbinder calls forth creatures from the Crypt!
An ufetubus comes into view.
Reactivating autopickup.
The thrashing horror tramples you!
* * * LOW HITPOINT WARNING * * *
You stumble backwards!
Unknown command.
The thrashing horror roars!
The thrashing horror tramples you!
You die...

.......... .
..#..... # ....
......# .. .
#.##..... ... . ##.
....# ...#
...#...#... ....
......#...#..#...
....#.###@.......
........#X#..##...
. . ##..(.#Xx#W...#
.. ##.#
.#..p...##..# .
.#.####pR....# ...
.. ## #........##..
. . #..#
....#ยง#.... ##
.##......5....#..#.
.....
#......5.....#.#


You could see a rakshasa, 2 thrashing horrors, 2 necromancers, a worldbinder, a
wraith and an ufetubus.

Vanquished Creatures
  An ufetubus (Abyss:3)
1 creature vanquished.

Vanquished Creatures (others)
  5 starspawn tentacles (Abyss:3)
5 creatures vanquished.

Grand Total: 6 creatures vanquished

Notes
Turn   | Place    | Note
-------+----------+-------------------------------------------
     0 | Abyss:1  | Gargoyl the Centaur Abyssal Knight began the quest for the
                  | Orb.
     0 | Abyss:1  | Reached XP level 1. HP: 19/19 MP: 2/2
    35 | Abyss:3  | Noticed a white draconian annihilator
    60 | Abyss:3  | Noticed a small abomination
    74 | Abyss:3  | Noticed a tentacled starspawn
    84 | Abyss:3  | Noticed a large abomination
    85 | Abyss:3  | Noticed a large abomination
   134 | Abyss:4  | Noticed a wretched star
   148 | Abyss:4  | Noticed a rakshasa
   149 | Abyss:4  | Noticed a worldbinder
   151 | Abyss:4  | Noticed a shadow
   153 | Abyss:4  | Noticed a thrashing horror
   153 | Abyss:4  | Noticed a thrashing horror
   155 | Abyss:4  | Noticed a necromancer
   155 | Abyss:4  | Noticed a wraith
   155 | Abyss:4  | Noticed a necromancer
   156 | Abyss:4  | Mangled by a thrashing horror

Levels and vault maps discovered:
Abyss:4:  serial_sigils_hangedman_quiver, minivault_4,
          hangedman_abyss_or_decor_lesser_grid

Action                   || total
-------------------------++-------
Melee: Hand axe          ||     5
  Use: Scroll            ||     2
Armor: Chain mail        ||     9
Dodge: Dodged            ||     7

Table legend:
 A = Non-vault XP
 B = Vault XP
 C = Vault XP percentage of total XP
 D = Non-vault monster count
 E = Vault monster count
 F = Vault count percentage of total count
                 A         B        C        D         E       F
            +---------+---------+-------+---------+---------+-------
      Total |       8 |       0 |   0.0 |       1 |       0 |   0.0
            +---------+---------+-------+---------+---------+-------
    Abyss:3 |       8 |       0 |   0.0 |       1 |       0 |   0.0
            +---------+---------+-------+---------+---------+-------
